Map: Prion Terraces

Players

Wellmet - Winner!

  • Race: Terran Terran
  • League: Diamond

Alpha

  • Race: Zerg Zerg
  • League: Diamond

VOD

Have the link to the VOD?

Description

Time

  • Played on: Nov. 13, 2015, 9:44 p.m.
  • Length: 11:11
Show
View Real Time Build Order
Export as new Build Order

Wellmet Terran - Winner!

Build Orders: Command Center First (CC), MMM Bio 

Get SALT Encoding   

  12  0:01  SCV  
  13  0:13  SCV  
  14  0:18  Supply Depot  
  14  0:25  SCV  
  15  0:40  SCV  
  16  0:52  SCV  
  17  1:02  Command Center  
  17  1:06  SCV  
  18  1:14  Barracks  
  19  1:18  SCV  
  19  1:23  Refinery  
  19  1:30  SCV  
  20  1:42  SCV  
  21  2:00  Orbital Command  
  21  2:01  Marine  
  21  2:06  Bunker  
  22  2:14  Orbital Command  
  22  2:19  Marine  
  23  2:25  Factory  
  23  2:30  SCV  
  24  2:41  SCV  
  24  2:42  SCV  
  24  2:43  Barracks Reactor  
  26  2:56  Command Center, SCV  
  26  2:58  SCV  
  28  3:03  Refinery  
  28  3:08  SCV  
  28  3:10  SCV  
  30  3:16  Supply Depot  
  30  3:20  SCV, Starport  
  30  3:22  SCV  
  32  3:29  Hellion x2  
  32  3:33  SCV, Barracks Tech Lab  
  37  3:37  SCV  
  38  3:47  SCV  
  39  3:50  SCV, Hellion x2  
  44  4:01  SCV  
  44  4:02  SCV  
  46  4:05  Stimpack  
  46  4:07  Viking, Marine  
  46  4:08  Orbital Command  
  49  4:11  Supply Depot  
  49  4:16  SCV, Hellion x2  
  54  4:20  SCV  
  55  4:25  Marauder  
  55  4:29  SCV  
  58  4:33  SCV  
  58  4:35  Supply Depot  
  59  4:41  SCV  
  59  4:45  Starport Reactor  
  60  4:49  SCV  
  60  4:50  SCV  
  62  4:54  Barracks  
  62  4:57  SCV, Refinery, Barracks  
  62  4:58  Refinery  
  63  5:00  Barracks  
  63  5:01  SCV, Factory Reactor  
  63  5:05  SCV  
  65  5:07  Marauder  
  65  5:10  SCV  
  65  5:13  Engineering Bay  
  65  5:14  SCV, Engineering Bay  
  67  5:17  SCV  
  68  5:22  SCV  
  68  5:26  SCV  
  68  5:29  SCV  
  68  5:35  SCV  
  66  5:36  Marauder  
  66  5:38  SCV  
  65  5:42  Starport Reactor  
  65  5:43  Terran Infantry Weapons Level 1  
  65  5:44  Terran Infantry Armor Level 1  
  65  5:54  Factory Tech Lab  
  65  5:56  SCV x2  
  67  5:57  Marine x2  
  67  5:58  Marauder  
  67  5:59  Orbital Command, Marine  
  67  6:01  Marine x3  
  75  6:08  SCV  
  75  6:09  SCV  
  77  6:13  Supply Depot  
  77  6:22  Armory  
  77  6:27  Combat Shields  
  77  6:28  Supply Depot x3  
  77  6:30  Barracks  
  77  6:32  Barracks  
  77  6:34  SCV, Medivac, Barracks, Marine x5  
  77  6:35  Marauder, Medivac, Siege Tank, Marine  
  93  6:47  Supply Depot  
  93  6:49  SCV x3  
  93  6:51  Bunker, Liberator x2  
  93  6:52  Supply Depot, Missile Turret  
  93  6:53  Missile Turret x2  
  93  6:54  Marine x5  
  96  6:59  Marine  
  102  7:08  Command Center  
  108  7:10  Marine  
  108  7:11  Marine  
  110  7:16  Supply Depot, Siege Tank, Marine  
  110  7:19  Marine x2  
  110  7:20  Marine x2  
  110  7:22  Barracks Tech Lab  
  118  7:24  Barracks Reactor  
  118  7:26  Barracks Reactor  
  118  7:28  Marine  
  118  7:29  Marine  
  120  7:31  Refinery  
  120  7:32  Refinery  
  120  7:33  Liberator  
  120  7:41  Marine  
  120  7:42  Marine  
  119  7:47  Marauder, Marine x2  
  119  7:48  Siege Tank  
  129  7:54  SCV x2  
  129  7:55  Marine x2  
  129  7:56  Marauder  
  135  8:02  Marine, Liberator  
  135  8:03  Marine x2  
  135  8:05  Factory  
  138  8:07  Supply Depot  
  138  8:08  Marauder, Marine  
  138  8:09  Supply Depot x2  
  141  8:19  Marine x3  
  149  8:20  Marauder  
  149  8:21  Terran Infantry Weapons Level 2  
  149  8:27  Marine x2  
  149  8:29  Marauder  
  153  8:35  Marine x3  
  153  8:36  Siege Tank  
  153  8:39  Supply Depot, Marine x2  
  161  8:44  Marine x3  
  161  8:45  Marauder, Marine  
  161  8:47  Sensor Tower, Concussive Shells  
  161  8:48  Marine  
  168  8:50  Factory Tech Lab, Marine  
  168  8:55  Marine x2  
  169  8:57  Marine x2  
  170  9:08  Siege Tank  
  164  9:11  Marine x4  
  164  9:12  Marauder x2  
  164  9:13  Medivac x2  
  164  9:16  Marine x2  
  173  9:20  Marine x4  
  173  9:27  Liberator  
  173  9:29  Marine x3  
  173  9:30  Marine  
  163  9:33  Marine x2  
  163  9:34  Marine  
  163  9:35  Marine  
  159  9:40  Siege Tank  
  159  9:42  Marine x2  
  159  9:44  Marine  
  159  9:45  Marine  
  140  10:00  Marine  
  140  10:04  Marine  
  140  10:05  Marine x3  
  140  10:06  Marauder  
  138  10:10  Marine x3  
  138  10:13  Marine  
  142  10:17  SCV  
  142  10:18  Marine  
  144  10:25  Marine  
  144  10:26  Marine  
  139  10:43  Marine x2  
  139  10:45  Marine x2  
  137  10:52  Marine x2  
  137  10:55  SCV  
  137  10:56  SCV  
Show
View Real Time Build Order
Export as new Build Order

Alpha Zerg 

Build Orders: Hatch First 

Get SALT Encoding   

  12  0:02  Drone  
  13  0:12  Overlord  
  13  0:20  Drone  
  14  0:31  Drone x2  
  14  0:35  Drone  
  17  0:53  Hatchery  
  16  0:58  Drone  
  16  1:00  Drone  
  18  1:14  Spawning Pool  
  18  1:15  Drone  
  18  1:19  Extractor  
  18  1:20  Drone  
  18  1:28  Drone  
  19  1:39  Overlord  
  19  1:50  Drone  
  20  2:02  Queen, Zergling x2  
  20  2:05  Queen  
  20  2:06  Drone  
  26  2:11  Drone  
  27  2:18  Drone  
  27  2:22  Drone  
  29  2:24  Metabolic Boost  
  29  2:27  Drone  
  30  2:33  Drone  
  31  2:37  Drone  
  31  2:43  Drone  
  33  2:51  Drone  
  34  2:55  Hatchery  
  33  3:01  Overlord  
  33  3:03  Drone  
  33  3:05  Queen  
  36  3:15  Overlord  
  36  3:20  Drone  
  36  3:21  Drone x5  
  36  3:24  Drone  
  43  3:29  Extractor  
  43  3:31  Lair  
  43  3:34  Drone  
  43  3:35  Zergling x2  
  44  3:41  Drone x2  
  46  3:49  Drone  
  46  3:50  Drone x5  
  46  3:54  Overlord  
  52  4:03  Overlord  
  52  4:06  Queen  
  52  4:07  Drone  
  52  4:08  Drone x2  
  57  4:13  Extractor  
  57  4:15  Extractor  
  57  4:16  Roach Warren, Drone  
  55  4:17  Drone  
  55  4:23  Drone x3  
  55  4:24  Drone x2  
  60  4:26  Drone  
  60  4:28  Drone  
  60  4:29  Drone  
  61  4:50  Queen  
  63  4:57  Drone x11  
  74  5:06  Roach  
  73  5:11  Overlord x2  
  68  5:24  Roach x4  
  68  5:25  Roach  
  74  5:35  Roach x3  
  79  5:36  Roach x2  
  79  5:37  Roach  
  79  5:39  Drone  
  79  5:40  Glial Reconstitution  
  85  5:46  Drone  
  85  5:48  Roach  
  88  5:55  Roach  
  90  5:57  Overlord  
  90  6:00  Overlord x2  
  90  6:08  Evolution Chamber x2  
  88  6:11  Infestation Pit  
  88  6:16  Roach x5  
  88  6:17  Drone, Overlord  
  88  6:18  Overlord x3  
  98  6:20  Roach  
  98  6:22  Ravager x6  
  98  6:23  Ravager x2  
  107  6:28  Drone x2, Extractor  
  107  6:29  Extractor  
  107  6:32  Roach  
  109  6:39  Drone x4  
  113  6:42  Zerg Missile Weapons Level 1  
  113  6:49  Zerg Ground Armor Level 1  
  113  6:55  Drone x7  
  120  7:03  Overlord  
  120  7:05  Spore Crawler  
  120  7:06  Drone  
  120  7:07  Spine Crawler  
  119  7:09  Drone x2  
  119  7:10  Drone  
  119  7:11  Hatchery  
  119  7:12  Drone  
  119  7:13  Drone  
  119  7:15  Drone  
  124  7:16  Drone  
  124  7:20  Pathogen Glands  
  125  7:35  Roach x4  
  127  7:49  Infestor x4  
  135  7:52  Drone x5  
  140  8:08  Drone x3, Spore Crawler  
  140  8:10  Spore Crawler, Spine Crawler  
  140  8:24  Hydralisk Den, Neural Parasite, Extractor x2  
  137  8:29  Drone x2  
  137  8:30  Drone  
  140  8:39  Hive  
  140  8:41  Hatchery  
  139  8:42  Zerg Ground Armor Level 2, Zerg Missile Weapons Level 2, Extractor x2  
  137  8:52  Hydralisk  
  137  8:53  Hydralisk x5  
  131  9:28  Overlord x6  
  131  9:29  Overlord x8  
  101  9:40  Roach x3  
  93  10:01  Drone x2  
  93  10:02  Drone x2  
  91  10:12  Drone  
  91  10:13  Drone  
  93  10:15  Drone x3  
  93  10:19  Hatchery, Queen  
  97  10:23  Drone  
  98  10:31  Hydralisk  
  98  10:32  Hatchery, Hydralisk  
Tags
 
Add a new tag
Caveats
  • Supply blocks, unpowered buildings, or Contaminate may cause inaccurate times.
  • Supply counts are checked every 10 seconds.